 Dungeon Crawl Stone Soup version 0.26-a0-591-g04f19ec95a (webtiles) character file.

Game seed: 5994059430190493752

826 Eifo4Ohj9gu9Dob0ohLe the Chopper (level 7, -4/100 HPs)
             Began as a Purple Draconian Berserker on Aug 24, 2020.
             Was an Elder of Trog.
             Splashed by a jelly's acid (7 damage)
             ... on level 5 of the Dungeon.
             The game lasted 00:26:02 (4903 turns).

Eifo4Ohj9gu9Dob0ohLe the Chopper (DrBe)             Turns: 4903, Time: 00:26:04

Health: -4/100     AC: -6    Str: 22    XL:     7   Next: 64%
Magic:  0/7        EV: 11    Int:  8    God:    Trog [****..]
Gold:   210        SH: 12    Dex: 11    Spells: 6/6 levels left

rFire    . . .     SeeInvis .   a - +0 hand axe
rCold    . . .     Faith    .   m - +3 kite shield
rNeg     . . .     Spirit   +   (armour unavailable)
rPois    .         Reflect  .   e - +0 hat
rElec    .         Harm     .   (no cloak)
rCorr    .                      (no gloves)
MR       +....                  (no boots)
Stlth    ..........             r - amulet of guardian spirit
HPRegen  0.26/turn              (no ring)
MPRegen  0.10/turn              (no ring)

@: berserking, corroded, very quick
A: breathe power, unfitting armour, robust 1, strong 1, wild magic 1,
cold-blooded, AC +6
a: Breathe Dispelling Energy, Berserk, Trog's Hand, Brothers in Arms, Renounce
Religion


You were on level 5 of the Dungeon.
You worshipped Trog.
Trog was greatly pleased with you.
You visited 1 branch of the dungeon, and saw 5 of its levels.

You collected 210 gold pieces.

Inventory:

Hand Weapons
 a - a +0 hand axe (weapon)
 j - a +2 dagger of draining
 o - a +2 short sword of flaming
Armour
 e - a +0 hat (worn)
 m - a +3 kite shield (worn)
Jewellery
 h - an uncursed ring of stealth {unknown}
 l - an uncursed ring of see invisible
 n - a cursed -4 ring of intelligence {unknown}
 r - an amulet of guardian spirit (around neck)
Wands
 g - a wand of disintegration (16)
Scrolls
 b - 2 scrolls of remove curse
 c - a scroll of teleportation
 d - 2 scrolls of enchant armour
 f - a scroll of fog
 i - 4 scrolls of identify
Potions
 k - a potion of haste
 p - 2 potions of mutation
 q - a potion of brilliance {unknown}
 s - a potion of might {unknown}


   Skills:
 + Level 5.2 Fighting
 + Level 6.0 Axes
 + Level 4.8 Dodging
 + Level 1.7 Stealth
 + Level 2.7 Shields


You had 6 spell levels left.
You didn't know any spells.
Your spell library was empty.

Dungeon Overview and Level Annotations

Branches:
Dungeon (5/15)
 Temple: D:4-7

Altars:
Ru


Innate Abilities, Weirdness & Mutations

You can breathe bolts of dispelling energy.
Your rich purple scales are hard. (AC +6)
You cannot fit into any form of body armour.
You are cold-blooded and may be slowed by cold attacks.
You are robust. (+10% HP)
Your muscles are strong. (Str +2)
Your spells are a little harder to cast, but a little more powerful.


Message History

You hit the jelly.
Your hands burn!
* * * LOW HITPOINT WARNING * * *
Your tail-slap misses the jelly.
The jelly is almost dead.
The jelly hits you.
* * * LOW HITPOINT WARNING * * *
The acid corrodes you!
You are splashed with acid!
* * * LOW HITPOINT WARNING * * *
A red film seems to cover your vision as you go berserk!
You feel yourself moving faster!
You feel mighty! The jelly hits you.
* * * LOW HITPOINT WARNING * * *
The acid corrodes you!
You are splashed with acid.
* * * LOW HITPOINT WARNING * * *
You hit the jelly but do no damage.
Your hands burn!
* * * LOW HITPOINT WARNING * * *
The jelly is almost dead.
The jelly hits you.
* * * LOW HITPOINT WARNING * * *
You are splashed with acid!
You die...

#..... #.....#
#......
#......##
#.......##
#.......#
#......#####
#..J@.....#
##..#####.#
### #.# ##.##
#...#
###.#.########
#.#..........#
#.#..#.....#.
#..#.#.....#.


You could see a jelly.

Vanquished Creatures
  An ice beast (D:5)
  2 ogres
  A scorpion (D:4)
  An orc priest (D:3)
  A centaur skeleton (D:4)
  3 orc wizards
  An iguana (D:4)
  A worker ant (D:4)
  A hound zombie (D:5)
  A worker ant zombie (D:5)
  4 gnolls (D:5)
  8 adders
  A shadow imp (D:5)
  2 white imps
  3 oozes
  An adder skeleton (D:4)
  14 dart slugs
  3 worms
  2 leopard geckos (D:3)
  17 orcs
  2 ball pythons (D:4)
  A giant cockroach (D:1)
  10 goblins
  6 hobgoblins
  5 jackals
  9 kobolds
  4 quokkas
  9 bats
  5 frilled lizards
  A leopard gecko skeleton (D:5)
  6 rats
126 creatures vanquished.

Notes
Turn   | Place    | Note
-------+----------+-------------------------------------------
     0 | D:1      | Eifo4Ohj9gu9Dob0ohLe the Draconian Berserker began the
                  | quest for the Orb.
     0 | D:1      | Reached XP level 1. HP: 19/19 MP: 1/1
   315 | D:1      | Reached XP level 2. HP: 26/26 MP: 2/2
   929 | D:2      | Reached XP level 3. HP: 33/33 MP: 3/3
  1023 | D:2      | Reached ** piety under Trog
  1259 | D:2      | Reached XP level 4. HP: 31/40 MP: 4/4
  2031 | D:3      | Reached skill level 4 in Axes
  2038 | D:3      | Reached XP level 5. HP: 34/47 MP: 5/5
  2710 | D:3      | Reached *** piety under Trog
  2777 | D:3      | Reached XP level 6. HP: 44/53 MP: 6/6
  2974 | D:4      | Reached skill level 5 in Axes
  3359 | D:4      | Reached skill level 1 in Shields
  3671 | D:4      | Found a sacrificial altar of Ru.
  3858 | D:4      | Reached skill level 1 in Stealth
  3858 | D:4      | Your scales start taking on a rich purple colour.
  3858 | D:4      | Reached XP level 7. HP: 39/60 MP: 7/7
  4323 | D:4      | Gained mutation: You are robust. (+10% HP) [potion of
                  | mutation]
  4323 | D:4      | Gained mutation: Your muscles are strong. (Str +2) [potion
                  | of mutation]
  4323 | D:4      | Gained mutation: Your spells are a little harder to cast,
                  | but a little more powerful. [potion of mutation]
  4392 | D:5      | Entered Level 5 of the Dungeon
  4556 | D:5      | Reached skill level 5 in Fighting
  4731 | D:5      | Reached skill level 6 in Axes
  4818 | D:5      | Reached **** piety under Trog
  4902 | D:5      | HP: 5/100 [acid (5)]
  4903 | D:5      | Splashed by a jelly's acid

Illustrated notes

Levels and vault maps discovered:
D:1:      dpeg_arrival_tiny_g, layout_basic
D:2:      layout_basic
D:3:      layout_rooms
D:4:      kennysheep_slugbush, layout_loops_ring,
          nicolae_ru_great_annihilating_truth
D:5:      layout_cave_pods, hangedman_decor_peaks_small

Skill      XL: |  1  2  3  4  5  6  7 |
---------------+----------------------+-----
Dodging        | 3 4 |  4.8
Fighting       | 4 5 |  5.2
Axes           | 4 5 6 |  6.0
Shields        | 1 2 |  2.7
Stealth        | 1 |  1.7

Action                   |  1- 3 |  4- 6 |  7- 9 || total
-------------------------+-------+-------+-------++-------
Melee: Hand axe          |   108 |   221 |    73 ||   402
       Tailslap          |     9 |    36 |     8 ||    53
Invok: Berserk           |     1 |     7 |     5 ||    13
  Use: Scroll            |       |       |     5 ||     5
       Potion            |       |       |     5 ||     5
 Stab: Paralysed         |       |     2 |       ||     2
       Sleeping          |       |     1 |     1 ||     2
Armor: Skin              |    41 |    47 |    11 ||    99
Dodge: Dodged            |   102 |   102 |    26 ||   230
Block: Kite shield       |       |    67 |    44 ||   111

Table legend: (Time is in decaauts)
 A = Elapsed time spent in this place.
 B = Non-inter-level travel time spent in this place.
 C = Inter-level travel time spent in this place.
 D = Time resting spent in this place.
 E = Time spent auto-exploring this place.
 F = Levels seen in this place.
 G = Mean time per level.
                   A        B        C        D        E       F      G
               +--------+--------+--------+--------+--------+-----+--------+
         Total |   5056 |   5012 |     44 |   2272 |    482 |   5 | 1011.2 |
       Dungeon |   5056 |   5012 |     44 |   2272 |    482 |   5 | 1011.2 |
               +--------+--------+--------+--------+--------+-----+--------+

Top non-repeatable levels by time:
     D:4: 1490 daAuts
     D:2: 1122 daAuts
     D:3: 965 daAuts
     D:1: 922 daAuts
     D:5: 555 daAuts
